 Dungeon Crawl Stone Soup version 0.20-a0-71-g11d6418 (webtiles) character file.

74 KristoblXynda the Chucker (level 4, -3/36 HPs)
             Began as a Draconian Hunter on Nov 18, 2016.
             Slain by Crazy Yiuf
             ... wielding a +3 quarterstaff of chaos
              (8 damage)
             ... on level 2 of the Dungeon.
             The game lasted 00:02:18 (1466 turns).

KristoblXynda the Chucker (Draconian Hunter)        Turns: 1466, Time: 00:02:19

Health: -3/36      AC:  5    Str: 16    XL:     4   Next: 10%
Magic:  0/4        EV: 12    Int: 11    God:
Gold:   120        SH:  0    Dex: 11    Spells: 0 memorised, 3 levels left

rFire  . . .     SeeInvis .     j - +0 flail (curse)
rCold  . . .     Gourm    .     (armour unavailable)
rNeg   . . .     Faith    .     (no shield)
rPois  .         Spirit   .     (helmet restricted)
rElec  .         Reflect  .     (no cloak)
rCorr  .         Harm     .     (no gloves)
MR     .....                    (no boots)
Stlth  ++........               (no amulet)
                                (no ring)
                                (no ring)

@: flying, slowed, very slow
A: unfitting armour, cold-blooded, AC +5
a: no special abilities


You were on level 2 of the Dungeon.
You were not hungry.

You visited 1 branch of the dungeon, and saw 2 of its levels.

You collected 120 gold pieces.

Inventory:

Hand Weapons
 j - a cursed +0 flail (weapon)
Missiles
 b - 7 javelins (quivered)
 c - 2 throwing nets
Scrolls
 a - a scroll of immolation {unknown}
 e - 4 scrolls of remove curse {unknown}
 g - 2 scrolls of teleportation {unknown}
 h - a scroll of magic mapping {unknown}
 k - a scroll of enchant armour {unknown}
 m - a scroll of noise {unknown}
Comestibles
 d - a bread ration
 i - 2 meat rations
 l - a chunk of flesh


   Skills:
 - Level 2.1 Fighting
 + Level 0.2 Maces & Flails
 + Level 4.1 Throwing
 + Level 2.7 Dodging
 + Level 2.2 Stealth


You had 3 spell levels left.
You didn't know any spells.

Dungeon Overview and Level Annotations

Branches:
Dungeon (2/15)

Altars:

Annotations:
D:2 Crazy Yiuf


Innate Abilities, Weirdness & Mutations

Your plain brown scales are hard. (AC +5)
You cannot fit into any form of body armour.
You are cold-blooded and may be slowed by cold attacks.


Message History

Throwing (i - inventory. (,) - cycle):
b - 8 javelins (quivered)
Press: ? - help, Shift-Dir - straight line, f/p - Crazy Yiuf
Aim: Crazy Yiuf, wielding a quarterstaff of chaos and wearing a cloak (heavily wounded, berserk, fast, unusually strong)
You throw a javelin.
The javelin hits Crazy Yiuf but does no damage.
Crazy Yiuf is heavily wounded.
You barely miss Crazy Yiuf.
You tail-slap Crazy Yiuf, but do no damage.
Crazy Yiuf is heavily wounded.
Crazy Yiuf hits you with a quarterstaff of chaos!
You feel your power leaking away.
Crazy Yiuf hits you with a quarterstaff of chaos!
* * * LOW HITPOINT WARNING * * *
You feel yourself slow down. Crazy Yiuf freezes you.
* * * LOW HITPOINT WARNING * * *
It was a potion of flight.
You feel very buoyant.
You fly up into the air.
Crazy Yiuf hits you with a quarterstaff of chaos!
You die...

>.....)....................##
.#.##...##.###########......#
.#....#.##.# #....[.#
.####.#..#.# #####
#......##### .#.........#
#)(.# #..........†
.#.........# #.(.#
#......##### .#.........# ...
#.#........# .#.........# #g#
#.#.#.†###.# .#.........#
#@## #.#.#...##.#
...........# ##.#
#.....#####. ##.#######.#
#.## #...### # #.# #....#
##.# #...# #.####.#### ##.##
#..## #......†..# ##)..# #..#
######.#### #....# #..## #.#
##..## #...## #.#
#.)..###....## ##


You could see Crazy Yiuf (berserk).

Vanquished Creatures
  Terence (D:2)
  An adder (D:2)
  2 dart slugs
  A leopard gecko (D:2)
  5 bats
  3 giant cockroaches (D:2)
  2 goblins (D:1)
  2 hobgoblins
  2 ball pythons (D:1)
  4 frilled lizards
  5 kobolds
  12 rats
40 creatures vanquished.

Notes
Turn   | Place    | Note
-------+----------+-------------------------------------------
     0 | D:1      | KristoblXynda the Draconian Hunter began the quest for the Orb.
     0 | D:1      | Reached XP level 1. HP: 17/17 MP: 1/1
     2 | D:1      | Noticed a ghoul
     2 | D:1      | Noticed a vampire
     4 | D:1      | Noticed an ogre
     4 | D:1      | Noticed a troll
     6 | D:1      | Noticed a demigod
     8 | D:1      | Noticed a naga
     8 | D:1      | Noticed a demonspawn
    10 | D:1      | Noticed a minotaur
    10 | D:1      | Noticed a vine stalker
    12 | D:1      | Noticed a felid
    12 | D:1      | Noticed a gargoyle
    14 | D:1      | Noticed a tengu
    16 | D:1      | Noticed a formicid
    16 | D:1      | Noticed a centaur
    18 | D:1      | Noticed a halfling
    18 | D:1      | Noticed a merfolk
    20 | D:1      | Noticed a dwarf
    22 | D:1      | Noticed an elf
    22 | D:1      | Noticed a draconian
    24 | D:1      | Noticed an octopode
    26 | D:1      | Noticed a spriggan
    26 | D:1      | Noticed a human
    37 | D:1      | Reached skill level 1 in Stealth
   256 | D:1      | Reached XP level 2. HP: 22/24 MP: 2/2
   674 | D:2      | Noticed Terence
   693 | D:2      | Killed Terence
   693 | D:2      | Reached skill level 4 in Throwing
   693 | D:2      | Reached XP level 3. HP: 15/29 MP: 3/3
  1183 | D:2      | Reached XP level 4. HP: 24/36 MP: 4/4
  1457 | D:2      | Found a runed door.
  1461 | D:2      | Noticed Crazy Yiuf
  1466 | D:2      | Slain by Crazy Yiuf

Vault maps used:
D:1:      kb_arrival_jail
D:2:      lemuel_round_altar, uniq_terence, uniq_crazy_yiuf_cottage

Skill      XL: |  1  2  3 |
---------------+----------+-----
Stealth        | 1 2 |  2.2
Dodging        | 2 |  2.7
Throwing       | 4 |  4.1
Fighting       | |  2.1
Maces & Flails | |  0.2

Action                   |  1- 3 |  4- 6 || total
-------------------------+-------+-------++-------
Melee: Short sword       |    68 |       ||    68
       Tailslap          |     9 |     2 ||    11
       Flail             |    38 |    17 ||    55
Throw: Javelin           |     4 |     3 ||     7
  Use: Potion            |       |     1 ||     1
 Stab: Sleeping          |     3 |       ||     3
  Eat: Chunk             |     1 |     1 ||     2
Armor: Skin              |    38 |     8 ||    46
Dodge: Dodged            |    96 |     9 ||   105
